 Dungeon Crawl Stone Soup version 0.25-a0-571-gb5e01bddfa (webtiles) character file.

Game seed: 15856889001061008215, levelgen mode: deterministic

744 kae the Sneak (level 7, -1/46 HPs)
             Began as a Vampire Enchanter on Feb 29, 2020.
             Killed by divine providence
             ... invoked by an orc priest
              (14 damage)
             ... on level 5 of the Dungeon.
             The game lasted 00:03:32 (3935 turns).

kae the Sneak (Vampire Enchanter)                   Turns: 3935, Time: 00:03:33

Health: -1/46      AC:  6    Str:  8    XL:     7   Next: 47%
Magic:  12/12      EV: 13    Int: 18    God:
Gold:   242        SH:  0    Dex: 15    Spells: 7/13 levels left

rFire    . . .     SeeInvis +   a - +1 dagger (venom)
rCold    . . .     Gourm    .   (no shield)
rNeg     . . .     Faith    .   o - +0 robe
rPois    .         Spirit   .   j - +2 helmet
rElec    .         Reflect  .   g - +0 cloak
rCorr    .         Harm     .   (no gloves)
MR       .....                  (no boots)
Stlth    ++++......             (no amulet)
HPRegen  0.35/turn              (no ring)
MPRegen  0.13/turn              (no ring)

@: regenerating quickly
A: no food, fangs 3, see invisible, unbreathing
a: Exsanguinate


You were on level 5 of the Dungeon.
You were alive.

You visited 1 branch of the dungeon, and saw 5 of its levels.

You collected 242 gold pieces.

Inventory:

Hand Weapons
 a - a +1 dagger of venom (weapon)
 b - a +1 short sword of flaming
 e - a +2 vampiric dagger
 i - a +1 dagger
Armour
 g - a +0 cloak (worn)
 j - a +2 helmet (worn)
 o - a +0 robe (worn)
Jewellery
 h - a +4 amulet of reflection {unknown}
Scrolls
 c - a scroll of fog
 d - 3 scrolls of remove curse
 n - 2 scrolls of blinking {unknown}
 p - 2 scrolls of random uselessness
Potions
 f - 3 potions of degeneration
 l - a potion of lignification {unknown}
 m - 2 potions of cancellation {unknown}
 q - a potion of heal wounds {unknown}
 r - a potion of brilliance {unknown}


   Skills:
 * Level 5.7 Short Blades
 - Level 2.1 Dodging
 + Level 7.2 Stealth
 + Level 3.8 Spellcasting
 + Level 6.8 Hexes


You had 7 spell levels left.
You knew the following spells:

 Your Spells              Type           Power        Failure   Level  Hunger
a - Corona                Hex            ####...      1%          1    N/A
b - Ensorcelled Hibernat  Hex/Ice        ###...       5%          2    N/A
c - Confusing Touch       Hex            ####....     2%          3    N/A

Your spell library contained the following spells:

 Spells                   Type           Power        Failure   Level  Hunger
 Tukima's Dance           Hex            ####....     2%          3    N/A
 Dazzling Flash           Conj/Hex       ###...       11%         3    N/A

Dungeon Overview and Level Annotations

Branches:
Dungeon (5/15)
 Temple: D:4-7

Altars:
Beogh


Innate Abilities, Weirdness & Mutations

You do not eat.
Your natural rate of healing is unusually fast.
You have razor-sharp teeth.
You have supernaturally acute eyesight. (SInv)
You can survive without breathing.


Message History

An orc and an orc priest come into view.
An orc comes into view. It is wielding a +0 hand axe.
The orc priest mumbles some strange prayers to Beogh against you.
Beogh smites you!
You hear a shout!
There are monsters nearby!
You are too injured to fight recklessly!
You are too injured to fight recklessly!
There are monsters nearby!
Found 15 gold pieces.
There is a stone staircase leading down here.
The orc misses you.
The orc priest calls down the wrath of Beogh upon you.
Beogh smites you!
* * * LOW HITPOINT WARNING * * *
There is a stone staircase leading up here.
The orc barely misses you.
The orc priest invokes the aid of Beogh against you.
Beogh smites you!
You die...

## . ## #.##### #..
.#.... .#.###...
..#.# .$.......
#.#.#
.##..#...###@#.#
........o.o.>.<#
....o.........####
..#..#.o......†...#
oo..%.........#####
.....#.#.#....#
#!........###
#.........#
#...?.....#


You could see an orc priest and 3 orcs.

Vanquished Creatures
  Duvessa (D:4)
  Dowan (D:4)
  2 orc priests (D:4)
  A centaur skeleton (D:5)
  An iguana (D:4)
  4 worker ants (D:4)
  Natasha (D:4)
  4 orc wizards (D:4)
  8 adders
  4 gnolls (D:3)
  An ooze (D:3)
  2 worms
  3 dart slugs
  2 leopard geckos
  15 orcs
  4 ball pythons
  A bat (D:3)
  4 giant cockroaches
  12 goblins
  8 hobgoblins
  11 jackals
  6 kobolds
  2 quokkas
  5 frilled lizards
  A jackal skeleton (D:4)
  A leopard gecko skeleton (D:4)
  7 rats
112 creatures vanquished.

Notes
Turn   | Place    | Note
-------+----------+-------------------------------------------
     0 | D:1      | kae the Vampire Enchanter began the quest for the Orb.
     0 | D:1      | Reached XP level 1. HP: 13/13 MP: 3/3
   325 | D:1      | Reached XP level 2. HP: 18/19 MP: 5/5
   741 | D:2      | Learned a level 2 spell: Ensorcelled Hibernation
   807 | D:2      | Reached XP level 3. HP: 21/24 MP: 6/6
  1069 | D:2      | Reached skill level 5 in Stealth
  1293 | D:3      | Reached skill level 5 in Hexes
  1433 | D:3      | Reached XP level 4. HP: 30/30 MP: 7/7
  1438 | D:3      | Learned a level 3 spell: Confusing Touch
  1973 | D:3      | Reached XP level 5. HP: 10/35 MP: 9/9
  2706 | D:4      | Reached skill level 6 in Stealth
  2758 | D:4      | Reached XP level 6. HP: 41/41 MP: 10/10
  3066 | D:4      | Noticed Natasha
  3073 | D:4      | Killed Natasha
  3151 | D:4      | Found a roughly hewn altar of Beogh.
  3344 | D:4      | Reached skill level 5 in Short Blades
  3420 | D:4      | Noticed Duvessa
  3421 | D:4      | Reached XP level 7. HP: 46/46 MP: 12/12
  3437 | D:4      | Noticed Dowan
  3478 | D:4      | Killed Duvessa
  3478 | D:4      | Reached skill level 7 in Stealth
  3486 | D:4      | Killed Dowan
  3905 | D:5      | Entered Level 5 of the Dungeon
  3935 | D:5      | Killed from afar by an orc priest

Levels and vault maps discovered:
D:1:      dpeg_arrival_simpleton_c, layout_loops_ring, minmay_tromino_v4_c
D:2:      layout_loops_cross, supply_closet_lemuel, serial_park_tiny_pond
D:3:      minmay_razor_zed, layout_basic
D:4:      layout_loops_corners, kennysheep_orc_chapel, uniq_duvessa,
          uniq_natasha
D:5:      layout_basic, first_ration, minmay_tree_intersection,
          minmay_misc_feat_five, roderic_lattice_a, chequers_big_river

Skill      XL: |  1  2  3  4  5  6  7 |
---------------+----------------------+-----
Short Blades   | 2 3 4 5 |  5.7
Stealth        | 5 6 7 |  7.2
Hexes          | 5 6 |  6.8
Spellcasting   | 3 |  3.8
Dodging        | |  2.1

Action                   |  1- 3 |  4- 6 |  7- 9 || total
-------------------------+-------+-------+-------++-------
Melee: Dagger            |    96 |   183 |    73 ||   352
       Bite              |     3 |    17 |    10 ||    30
 Cast: Ensorcelled Hiber |       |    18 |     7 ||    25
       Corona            |       |     2 |       ||     2
  Use: Scroll            |       |     7 |       ||     7
       Potion            |       |       |     3 ||     3
 Stab: Sleeping          |    14 |    15 |     3 ||    32
Armor: Robe              |    16 |    21 |    34 ||    71
Dodge: Dodged            |    51 |    92 |    63 ||   206

Table legend:
 A = Non-vault XP
 B = Vault XP
 C = Vault XP percentage of total XP
 D = Non-vault monster count
 E = Vault monster count
 F = Vault count percentage of total count
                 A         B        C        D         E       F
            +---------+---------+-------+---------+---------+-------
      Total |     636 |     427 |  40.2 |      91 |      21 |  18.8
            +---------+---------+-------+---------+---------+-------
        D:1 |      17 |       2 |  10.5 |       9 |       1 |  10.0
        D:2 |      50 |       0 |   0.0 |      18 |       0 |   0.0
        D:3 |     144 |      37 |  20.4 |      30 |      13 |  30.2
        D:4 |     385 |     388 |  50.2 |      32 |       7 |  17.9
        D:5 |      40 |       0 |   0.0 |       2 |       0 |   0.0
            +---------+---------+-------+---------+---------+-------
